 Dungeon Sprint DCSS version 0.19-a0-1049-g462a813 (webtiles) character file.

86562 poirepourri the Axe Maniac (level 15, -13/173 HPs)
             Began as a Minotaur Fighter on July 31, 2016.
             Was an Elder of Makhleb.
             Mangled by Mennas
             ... wielding a +3 long sword of holy wrath
              (18 damage)
             ... in the Dungeon (Sprint IX: "|||||||||||||||||||||||||||||").
             The game lasted 00:11:23 (3144 turns).

poirepourri the Axe Maniac (Minotaur Fighter)       Turns: 3144, Time: 00:11:24

Health: -13/173    AC: 18    Str: 28    XL:     15   Next: 41%
Magic:  26/26      EV: 28    Int:  5    God:    Makhleb [****..]
Gold:   1073       SH: 17    Dex: 27    Spells: 0 memorised, 14 levels left

rFire  . . .     SeeInvis .     p - +8 mithril axe "Arga" {speed, MR+}
rCold  . . .     Gourm    .     K - +3 scale mail
rNeg   . . .     Faith    .     c - +1 shield
rPois  .         Spirit   .     (helmet restricted)
rElec  .         Dismiss  .     J - +1 cloak
rCorr  .         Reflect  .     j - +0 pair of fencer's gloves {+Riposte Dex+6}
SustAt .         Harm     .     I - +0 pair of boots "Tasi" {Str+2 Dex+4}
MR     ++...     NoTele   +     (no amulet)
Stlth  +.........               r - +3 ring of dexterity
                                q - +3 ring of dexterity

@: glowing, silenced, very resistant to hostile enchantments, very unstealthy
A: retaliatory headbutt, horns 2
a: Renounce Religion


You were in the Dungeon.
You worshipped Makhleb.
Makhleb was greatly pleased with you.
You were full.

You visited 1 branch You collected 1934 gold pieces.
You spent 861 gold pieces at shops.

Inventory:

Hand Weapons
 a - a +0 war axe
 p - the +8 mithril axe "Arga" (weapon) {speed, MR+}
   (You found it in the Dungeon)

   Attacks with this weapon are significantly faster.
   It affects your resistance to hostile enchantments.
Armour
 b - a +1 scale mail
 c - a +1 shield (worn)
 j - the +0 pair of fencer's gloves (worn) {+Riposte Dex+6}
   (You bought it in a shop in the Dungeon)

   It affects your dexterity (+6).
 s - a +1 scale mail
 t - a +0 pair of gloves
 y - the +3 hat of Pondering {ponderous, MR+ MP+10 Int+5}
   (You took it off Gastronok in the Dungeon)

   It affects your intelligence (+5).
   It affects your resistance to hostile enchantments.
   It affects your magic capacity (+10).
 C - a +0 pair of boots
 I - the +0 pair of boots "Tasi" (worn) {Str+2 Dex+4}
   (You found it in the Dungeon)

   It affects your strength (+2).
   It affects your dexterity (+4).
 J - a +1 cloak (worn)
 K - a +3 scale mail (worn)
Jewellery
 q - a +3 ring of dexterity (left hand)
 r - a +3 ring of dexterity (right hand)
 E - an uncursed ring of fire
 F - an uncursed ring of protection from fire
 G - an uncursed ring of ice
 H - an uncursed ring of ice
Wands
 o - a wand of lightning (13/15)
Scrolls
 f - a scroll of identify
 k - 3 scrolls of blinking
 m - 4 scrolls of remove curse
 n - 2 scrolls of amnesia
 u - a scroll of recharging
 v - 2 scrolls of fear
 w - 4 scrolls of fog
Potions
 i - 4 potions of magic
 l - a potion of invisibility
Comestibles
 x - 12 meat rations
 z - 40 fruits
 A - 11 bread rations


   Skills:
 + Level 26.8 Fighting
 O Level 27 Axes
 + Level 13.2 Armour
 + Level 17.1 Dodging
 - Level 2.8 Stealth
 + Level 16.2 Shields
 + Level 16.4 Invocations
 + Level 1.0 Evocations


You had 14 spell levels left.
You didn't know any spells.

Dungeon Overview and Level Annotations

Branches:
Dungeon (1/1)

Altars:
Cheibriados
Dithmenos
Elyvilon
Fedhas
Gozag
Hepliaklqana
Kikubaaqudgha
Makhleb
Nemelex Xobeh
Okawaru
Pakellas
Qazlal
Ru
Sif Muna
Trog
Uskayaw
Vehumet
Xom
Yredelemnul
Zin
The Shining One
Beogh
Jiyva
Lugonu

Shops:
D [(:*

Annotations:
D Mennas


Innate Abilities, Weirdness & Mutations

You reflexively headbutt those who attack you in melee.
You have a pair of horns on your head.


Message History

Mennas is lightly wounded.
Mennas misses you. You furiously retaliate!
You headbutt Mennas, but do no damage.
You riposte.
You closely miss Mennas.
Mennas is lightly wounded.
Mennas hits you but does no damage. Mennas blocks your attack.
Your headbutt misses Mennas.
Mennas is lightly wounded.
You block Mennas's attack. Mennas hits you but does no damage.
You barely miss Mennas.
Mennas is lightly wounded.
You hit Mennas but do no damage. Your headbutt misses Mennas.
Mennas is lightly wounded.
You block Mennas's attack. Mennas closely misses you.
Mennas blocks your attack.
You headbutt Mennas, but do no damage.
Mennas is lightly wounded.
You slash Mennas!
Mennas is lightly wounded.
Mennas gestures at you.
Mennas hits you with a long sword of holy wrath!!
You die...

))))))))..[.[[[.[....[.....(.))()
▓▓▓▓▓▓▓▓▓▓▓▓▓▓▓▓▓▓▓▓▓▓▓▓▓▓▓▓▓▓▓▓▓
.........................)))).)..
▓▓▓▓▓▓▓▓▓▓▓▓▓▓▓▓▓▓▓▓▓▓▓▓▓▓▓▓▓▓♣♣♣
')........'††.......'())......'††
▓▓▓▓▓▓▓▓▓▓▓▓▓▓▓▓▓▓▓▓▓▓▓▓▓▓▓▓▓▓♣♣♣
.................................
▓▓▓▓▓▓▓▓▓▓▓▓▓▓▓▓▓▓▓▓▓▓▓▓▓▓▓▓▓▓▓▓▓
..)(†.......)[).@A...')()))).)).)
▓▓▓▓▓▓▓▓▓▓▓▓▓▓▓▓▓▓▓▓▓▓▓▓▓▓▓▓▓▓▓▓▓
*Q.*Q.......)A*..A..
▓▓▓▓▓▓▓▓▓▓▓▓▓▓▓▓▓▓▓▓


You could see Mennas.

Vanquished Creatures
  Mnoleg (D)
  Sojobo (D)
  Saint Roka (D)
  A lich (D)
  Gastronok (D)
  A storm dragon (D)
  A thorn hunter (D)
  A tengu reaver (D)
  A greater naga (D)
  A fire giant (D)
  A frost giant (D)
  An emperor scorpion (D)
  2 vault wardens (D)
  An ironheart preserver (D)
  A spriggan defender (D)
  3 stone giants (D)
  2 very ugly things (D)
  An entropy weaver (D)
  A vampire knight (D)
  A spark wasp (D)
  A merfolk javelineer (D)
  Josephine (D)
  An ettin (D)
  2 ogre magi (D)
  A deep elf high priest (D)
  A merfolk impaler (D)
  2 great orbs of eyes (D)
  An ice dragon (D)
  A rakshasa (D)
  Harold (D)
  A spriggan air mage (D)
  An anaconda (D)
  3 centaur warriors (D)
  An alligator (D)
  3 deep troll earth magi (D)
  7 orc high priests (D)
  A vampire mage (D)
  An unseen horror (D)
  2 hill giants (D)
  A spriggan druid (D)
  A deep elf archer (D)
  An ironbrand convoker (D)
  A necromancer (D)
  An orb spider (D)
  10 orc knights (D)
  2 wolf spiders (D)
  2 ugly things (D)
  An orb spider (shapeshifter) (D)
  A hornet (D)
  A moth of wrath (D)
  A mana viper (D)
  A cyclops (D)
  A griffon (D)
  A salamander (D)
  A guardian serpent (D)
  A naga mage (D)
  Psyche (D)
  5 black mambas (D)
  A siren (D)
  A vault sentinel (D)
  A gargoyle (D)
  5 spiny frogs (D)
  2 water nymphs (D)
  3 yaktaurs (D)
  A demonic crawler (D)
  A two-headed ogre (shapeshifter) (D)
  2 trolls (D)
  A jumping spider (shapeshifter) (D)
  4 blink frogs (D)
  3 slime creatures (D)
  A boulder beetle (D)
  A bog body (D)
  A snapping turtle (D)
  2 water elementals (D)
  A spriggan (D)
  A yak (D)
  A tarantella (D)
  3 wraiths (D)
  A wyvern (D)
  A vampire mosquito (D)
  An insubstantial wisp (D)
  A warg (D)
  2 water moccasins (D)
  A water moccasin (shapeshifter) (D)
  13 orc warriors (D)
  A wasp (D)
  An ogre (D)
  2 wolves (D)
  A boggart (D)
  A crocodile (D)
  2 centaurs (D)
  6 giant frogs (D)
  A crimson imp (D)
  A jelly (D)
  2 orc priests (D)
  4 orc wizards (D)
  An iguana (D)
  2 river rats (D)
  2 adders (D)
  An adder skeleton (D)
  A giant gecko (D)
  11 orcs (D)
  2 giant cockroaches (D)
  A goblin (D)
  A hobgoblin (D)
  A bat simulacrum (D)
  A jackal zombie (D)
  2 kobolds (D)
194 creatures vanquished.

Vanquished Creatures (collateral kills)
  A tengu reaver (D)
1 creature vanquished.

Grand Total: 195 creatures vanquished

Notes
Turn   | Place    | Note
-------+----------+-------------------------------------------
     0 | D        | poirepourri the Minotaur Fighter began the quest for the Orb.
     0 | D        | Reached XP level 1. HP: 19/19 MP: 0/0
     7 | D        | Reached skill level 3 in Axes
    10 | D        | Reached skill level 5 in Fighting
    91 | D        | Reached XP level 2. HP: 27/30 MP: 1/1
    96 | D        | Reached skill level 4 in Axes
   104 | D        | Reached XP level 3. HP: 23/39 MP: 2/2
   230 | D        | Found a glowing silver altar of Zin.
   230 | D        | Found a glowing golden altar of the Shining One.
   230 | D        | Found an ancient bone altar of Kikubaaqudgha.
   230 | D        | Found a basalt altar of Yredelemnul.
   230 | D        | Found a shimmering altar of Xom.
   230 | D        | Found a radiant altar of Vehumet.
   231 | D        | Found an iron altar of Okawaru.
   232 | D        | Found a burning altar of Makhleb.
   233 | D        | Found a deep blue altar of Sif Muna.
   234 | D        | Found a bloodstained altar of Trog.
   235 | D        | Found a sparkling altar of Nemelex Xobeh.
   236 | D        | Found a white marble altar of Elyvilon.
   237 | D        | Found a roughly hewn altar of Beogh.
   238 | D        | Found a viscous altar of Jiyva.
   239 | D        | Found a corrupted altar of Lugonu.
   240 | D        | Found a blossoming altar of Fedhas.
   241 | D        | Found a snail-covered altar of Cheibriados.
   242 | D        | Found a shadowy altar of Dithmenos.
   243 | D        | Found a stormy altar of Qazlal.
   244 | D        | Found an opulent altar of Gozag.
   250 | D        | Became a worshipper of Makhleb the Destroyer
   256 | D        | Found a sacrificial altar of Ru.
   257 | D        | Found an oddly glowing altar of Pakellas.
   258 | D        | Found a hide-covered altar of Uskayaw.
   259 | D        | Found a hazy altar of Hepliaklqana.
   312 | D        | Noticed a giant frog
   312 | D        | Noticed a giant frog
   312 | D        | Noticed an ogre
   317 | D        | Reached skill level 5 in Axes
   317 | D        | Reached skill level 1 in Dodging
   322 | D        | Killed a giant frog
   322 | D        | Reached * piety under Makhleb
   322 | D        | Reached skill level 7 in Axes
   322 | D        | Reached XP level 4. HP: 45/51 MP: 3/3
   331 | D        | Killed an unseen horror
   331 | D        | Reached skill level 11 in Axes
   331 | D        | Reached skill level 5 in Dodging
   331 | D        | Reached XP level 5. HP: 55/67 MP: 4/4
   331 | D        | Reached XP level 6. HP: 60/74 MP: 5/5
   331 | D        | Reached XP level 7. HP: 66/81 MP: 6/6
   333 | D        | Reached ** piety under Makhleb
   401 | D        | Noticed a cyan ugly thing
   401 | D        | Noticed a wyvern
   411 | D        | Killed a cyan ugly thing
   411 | D        | Reached *** piety under Makhleb
   411 | D        | Reached skill level 15 in Fighting
   411 | D        | Reached skill level 12 in Axes
   411 | D        | Reached XP level 8. HP: 85/91 MP: 7/7
   422 | D        | Reached **** piety under Makhleb
   426 | D        | Reached skill level 13 in Axes
   581 | D        | Noticed a spiny frog
   581 | D        | Noticed a spiny frog
   581 | D        | Noticed a black mamba
   585 | D        | Reached skill level 1 in Stealth
   587 | D        | Killed a spiny frog
   587 | D        | Reached ***** piety under Makhleb
   590 | D        | Reached skill level 14 in Axes
   592 | D        | Reached XP level 9. HP: 101/101 MP: 8/8
   594 | D        | Killed a spiny frog
   597 | D        | Killed a black mamba
   597 | D        | Reached skill level 15 in Axes
   612 | D        | Noticed a spiny frog
   612 | D        | Noticed a spiny frog
   612 | D        | Noticed a black mamba
   614 | D        | Killed a spiny frog
   614 | D        | Reached ****** piety under Makhleb
   621 | D        | Killed a spiny frog
   621 | D        | Reached skill level 16 in Axes
   627 | D        | Killed a black mamba
   632 | D        | Reached XP level 10. HP: 110/112 MP: 9/9
   811 | D        | Noticed a spiny frog
   814 | D        | Reached skill level 17 in Axes
   819 | D        | Killed a spiny frog
   824 | D        | Reached skill level 5 in Armour
   824 | D        | Reached skill level 10 in Dodging
   964 | D        | Noticed Josephine
   967 | D        | Noticed Psyche
   974 | D        | Killed Josephine
   974 | D        | Reached skill level 18 in Axes
   974 | D        | Reached skill level 5 in Shields
   988 | D        | Killed Psyche
   991 | D        | Noticed Gastronok
  1015 | D        | Killed Gastronok
  1015 | D        | Reached skill level 19 in Axes
  1015 | D        | Reached XP level 11. HP: 95/123 MP: 9/12
  1214 | D        | Noticed an orc knight
  1218 | D        | Killed an orc knight
  1219 | D        | Noticed an orc high priest
  1237 | D        | Noticed a sun demon
  1251 | D        | Killed an orc high priest
  1298 | D        | Found Bacaes's Antique Armour Emporium.
  1298 | D        | Noticed an orc knight
  1298 | D        | Noticed an orc high priest
  1298 | D        | Noticed an orc high priest
  1298 | D        | Noticed an orc knight
  1298 | D        | Noticed an orc high priest
  1305 | D        | Noticed an orc knight
  1306 | D        | Killed an orc knight
  1307 | D        | Noticed a soul eater
  1311 | D        | Found Syrhea's Weapon Shoppe.
  1315 | D        | Killed an orc high priest
  1315 | D        | Reached skill level 20 in Axes
  1320 | D        | Killed an orc high priest
  1320 | D        | Reached skill level 5 in Invocations
  1321 | D        | Noticed an orc knight
  1323 | D        | Killed an orc knight
  1324 | D        | Found Zauckiwiap's Book Emporium.
  1325 | D        | Noticed an orc knight
  1327 | D        | Noticed an orc knight
  1327 | D        | Killed an orc high priest
  1331 | D        | Noticed an orc high priest
  1331 | D        | Killed an orc knight
  1335 | D        | Killed an orc knight
  1335 | D        | Reached skill level 21 in Axes
  1336 | D        | Found Egoek's General Store.
  1341 | D        | Killed an orc knight
  1345 | D        | Killed an orc knight
  1348 | D        | Noticed an orc knight
  1351 | D        | Noticed an orc high priest
  1353 | D        | Killed an orc high priest
  1353 | D        | Reached XP level 12. HP: 134/134 MP: 14/14
  1356 | D        | Noticed an orc high priest
  1361 | D        | Killed an orc high priest
  1365 | D        | Killed an orc high priest
  1398 | D        | Bought the +0 pair of fencer's gloves {+Riposte Dex+6} for 602 gold pieces
  1404 | D        | Bought a potion of berserk rage for 70 gold pieces
  1404 | D        | Bought a scroll of blinking for 105 gold pieces
  1404 | D        | Bought a potion of curing for 42 gold pieces
  1422 | D        | Bought a scroll of remove curse for 42 gold pieces
  1551 | D        | Noticed Harold
  1569 | D        | Killed Harold
  1891 | D        | Got the +0 pair of boots "Tasi" {Str+2 Dex+4}
  1974 | D        | Noticed a centaur warrior
  1974 | D        | Noticed a centaur warrior
  1976 | D        | Reached skill level 22 in Axes
  1979 | D        | Noticed a frost giant
  1982 | D        | Killed a centaur warrior
  1986 | D        | Killed a centaur warrior
  1989 | D        | Noticed a rakshasa
  1990 | D        | Noticed a vampire knight
  1994 | D        | Killed a frost giant
  1996 | D        | Reached skill level 1 in Evocations
  2002 | D        | Noticed a deep troll earth mage
  2005 | D        | Noticed a great orb of eyes
  2015 | D        | Paralysed by something for 6 turns
  2021 | D        | HP: 2/136 [something (18)]
  2022 | D        | Killed a rakshasa
  2027 | D        | Killed a vampire knight
  2027 | D        | Reached skill level 10 in Armour
  2047 | D        | Killed a deep troll earth mage
  2049 | D        | Killed a great orb of eyes
  2049 | D        | Reached skill level 23 in Axes
  2099 | D        | Noticed Saint Roka
  2120 | D        | Killed Saint Roka
  2120 | D        | Reached XP level 13. HP: 116/145 MP: 18/18
  2190 | D        | Noticed a greater naga
  2213 | D        | Killed a greater naga
  2213 | D        | Reached skill level 24 in Axes
  2241 | D        | Reached skill level 10 in Shields
  2244 | D        | Noticed an entropy weaver
  2247 | D        | Noticed an emperor scorpion
  2260 | D        | Killed an entropy weaver
  2260 | D        | Reached skill level 10 in Invocations
  2268 | D        | Killed an emperor scorpion
  2376 | D        | Noticed a merfolk javelineer
  2387 | D        | Killed a merfolk javelineer
  2593 | D        | Noticed a thorn hunter
  2597 | D        | Reached skill level 25 in Axes
  2604 | D        | Killed a thorn hunter
  2739 | D        | Noticed a stone giant
  2739 | D        | Noticed a red very ugly thing
  2740 | D        | Noticed a stone giant
  2747 | D        | Killed a stone giant
  2748 | D        | Noticed an ettin
  2753 | D        | Killed a red very ugly thing
  2753 | D        | Reached XP level 14. HP: 157/157 MP: 21/21
  2769 | D        | Noticed a storm dragon
  2774 | D        | Killed a stone giant
  2783 | D        | Killed a storm dragon
  2783 | D        | Reached skill level 26 in Axes
  2786 | D        | Noticed a spriggan defender
  2797 | D        | Killed a spriggan defender
  2808 | D        | Noticed a fire giant
  2824 | D        | Killed a fire giant
  2846 | D        | Noticed a vault warden
  2849 | D        | Reached skill level 15 in Dodging
  2856 | D        | Noticed a vault warden
  2863 | D        | Killed a vault warden
  2864 | D        | Noticed an ironheart preserver
  2869 | D        | Killed a vault warden
  2869 | D        | Reached skill level 27 in Axes
  2876 | D        | Noticed a lich
  2876 | D        | Noticed Mnoleg
  2877 | D        | Killed an ironheart preserver
  2902 | D        | Killed Mnoleg
  2906 | D        | Killed a lich
  2906 | D        | Reached skill level 15 in Shields
  2906 | D        | Reached skill level 15 in Invocations
  2906 | D        | Reached XP level 15. HP: 117/170 MP: 23/25
  3008 | D        | Noticed Sojobo
  3009 | D        | Noticed a tengu reaver
  3010 | D        | Noticed a tengu reaver
  3030 | D        | Killed Sojobo
  3047 | D        | Noticed Mennas
  3049 | D        | Killed a tengu reaver
  3077 | D        | Killed a tengu reaver
  3138 | D        | HP: 4/173 [Mennas/long sword of holy wrath (12)]
  3144 | D        | Mangled by Mennas

Vault maps used:
D:        linesprint

Skill      XL: |  1  2  3  4  5  6  7  8  9 10 11 12 13 14 15 |
---------------+----------------------------------------------+-----
Fighting       | 5 7 9 14 15 16 18 19 20 22 23 25 26 | 26.8
Axes           | 3 4 7 11 12 14 16 19 21 23 25 27 | 27.0
Dodging        | 2 5 6 7 9 10 11 13 14 16 17 | 17.1
Stealth        | 1 2 |  2.8
Armour         | 6 8 11 12 13 | 13.2
Shields        | 6 7 8 11 15 16 | 16.2
Invocations    | 3 5 9 11 15 16 | 16.4
Evocations     | 1 |  1.0

Action                   |  1- 3 |  4- 6 |  7- 9 | 10-12 | 13-15 || total
-------------------------+-------+-------+-------+-------+-------++-------
Melee: War axe           |    26 |       |       |       |       ||    26
       Headbutt          |     6 |     1 |    14 |    76 |   113 ||   210
       Broad axe         |     9 |     6 |    63 |   251 |   322 ||   651
Invok: Minor Destruction |       |       |       |    17 |       ||    17
       Major Destruction |       |       |       |     3 |    16 ||    19
       Lesser Servant of |       |       |       |     3 |     3 ||     6
       Greater Servant o |       |       |       |       |     5 ||     5
Evoke: Wand              |       |       |       |     2 |       ||     2
  Use: Potion            |       |     2 |       |    13 |    12 ||    27
       Scroll            |       |       |       |     3 |     1 ||     4
 Stab: Distracted        |       |       |       |       |     1 ||     1
       Sleeping          |       |       |       |       |     1 ||     1
  Eat: Bread ration      |       |       |       |     1 |     1 ||     2
       Meat ration       |       |       |       |       |     1 ||     1
Armor: Scale mail        |    13 |     3 |     4 |    24 |    34 ||    78
Dodge: Dodged            |     5 |       |    12 |    73 |   111 ||   201
Block: Shield            |    13 |     2 |    18 |    58 |   114 ||   205
